 Dungeon Sprint DCSS version 0.23-a0-860-g8ff03fb (webtiles) character file.

45 gruber the Charmwright (level 3, -2/33 HPs)
             Began as a Gnoll Skald on Jan 27, 2019.
             Slain by a scorpion (8 damage)
             ... in the Dungeon (Sprint IX: "|||||||||||||||||||||||||||||").
             The game lasted 00:00:41 (117 turns).

gruber the Charmwright (Gnoll Skald)                 Turns: 117, Time: 00:00:42

Health: -2/33      AC:  3    Str: 14    XL:     3   Next: 64%
Magic:  0/9        EV: 14    Int: 15    God:
Gold:   0          SH:  0    Dex: 14    Spells: 7/12 levels left

rFire    . . .     SeeInvis .   a - +0 spear
rCold    . . .     Gourm    .   (no shield)
rNeg     . . .     Faith    .   b - +0 leather armour
rPois    .         Spirit   .   (no helmet)
rElec    .         Reflect  .   (no cloak)
rCorr    .         Harm     .   (no gloves)
MR       .....     NoTele   +   (no boots)
Stlth    ++........             (no amulet)
HPRegen  0.11/turn              (no ring)
MPRegen  0.11/turn              (no ring)

@: infused, singing (expiring)
A: distributed training, fangs 1, strong nose
a: no special abilities


You were in the Dungeon.
You were not hungry.

You visited 1 branch

Inventory:

Hand Weapons
 a - a +0 spear (weapon)
Armour
 b - a +0 leather armour (worn)
Scrolls
 j - a scroll of blinking
Potions
 e - a potion of curing
 f - a potion of heal wounds
 g - a potion of haste
 h - 2 potions of magic
 i - a potion of berserk rage
Comestibles
 d - a ration


   Skills:
 + Level 5.0 Fighting
 + Level 2.1 Short Blades
 + Level 2.1 Long Blades
 + Level 2.1 Axes
 + Level 2.1 Maces & Flails
 + Level 5.0 Polearms
 + Level 2.1 Staves
 + Level 2.1 Slings
 + Level 2.1 Bows
 + Level 2.1 Crossbows
 + Level 2.1 Throwing
 + Level 3.3 Armour
 + Level 5.0 Dodging
 + Level 2.1 Stealth
 + Level 2.1 Shields
 + Level 2.1 Unarmed Combat
 + Level 5.4 Spellcasting
 + Level 1.6 Conjurations
 + Level 1.6 Hexes
 + Level 5.7 Charms
 + Level 1.6 Summonings
 + Level 1.6 Necromancy
 + Level 1.6 Translocations
 + Level 1.6 Transmutations
 + Level 1.6 Fire Magic
 + Level 1.6 Ice Magic
 + Level 1.6 Air Magic
 + Level 1.6 Earth Magic
 + Level 1.6 Poison Magic
 + Level 2.3 Invocations
 + Level 2.1 Evocations


You had 7 spell levels left.
You knew the following spells:

 Your Spells              Type           Power        Failure   Level  Hunger
a - Infusion              Chrm           ###.         1%          1    None
b - Song of Slaying       Chrm           ###.....     2%          2    #......
c - Shroud of Golubria    Chrm/Tloc      ###.......   6%          2    #......

Your spell library contained the following spells:

 Spells                   Type           Power        Failure   Level  Hunger
 Regeneration             Chrm/Necr      ###.......   13%         3    ###....
 Spectral Weapon          Hex/Chrm       ###.....     13%         3    ###....


Dungeon Overview and Level Annotations

Branches:
Dungeon (1/1)

Altars:


Innate Abilities, Weirdness & Mutations

Your experience applies equally to all skills.
You have very sharp teeth.
Your uncanny sense of smell can sniff out nearby items.


Message History

Press: ? - help, Dir - move target cursor, f/p - scorpion
Aim: a scorpion (lightly wounded)
You hit the scorpion.
The scorpion is moderately wounded.
The scorpion closely misses you.
Attack whom?
Press: ? - help, Dir - move target cursor, f/p - scorpion
Aim: a scorpion (moderately wounded)
You hit the scorpion but do no damage.
The scorpion is moderately wounded.
Your song is almost over.
The scorpion stings you but does no damage.
Unknown command.
Attack whom?
Press: ? - help, Dir - move target cursor, f/p - scorpion
Aim: a scorpion (moderately wounded)
You closely miss the scorpion.
The scorpion is moderately wounded.
The scorpion stings you!
You die...

▓▓▓▓▓▓▓▓▓▓▓▓▓▓▓▓▓▓
▓<...()...@s.....+
▓▓▓▓▓▓▓▓▓▓▓▓▓▓▓▓▓▓
∆∆∆∆∆∆∆∆∆


You could see a scorpion.

Vanquished Creatures
  A jelly (D)
  An ooze (D)
  An adder skeleton (D)
  A ball python (D)
  A bat (D)
  A bat zombie (D)
  A goblin (D)
  A kobold (D)
  A rat (D)
9 creatures vanquished.

Vanquished Creatures (others)
  A spatial maelstrom (D)
1 creature vanquished.

Grand Total: 10 creatures vanquished

Notes
Turn   | Place    | Note
-------+----------+-------------------------------------------
     0 | D        | gruber the Gnoll Skald began the quest for the Orb.
     0 | D        | Reached XP level 1. HP: 20/20 MP: 6/6
     0 | D        | Banished a spatial maelstrom
     9 | D        | Reached skill level 5 in Spellcasting
     9 | D        | Reached skill level 1 in Invocations
    10 | D        | Reached skill level 1 in Short Blades
    10 | D        | Reached skill level 1 in Long Blades
    10 | D        | Reached skill level 1 in Axes
    10 | D        | Reached skill level 1 in Maces & Flails
    10 | D        | Reached skill level 1 in Staves
    10 | D        | Reached skill level 1 in Slings
    10 | D        | Reached skill level 1 in Bows
    10 | D        | Reached skill level 1 in Crossbows
    10 | D        | Reached skill level 1 in Throwing
    10 | D        | Reached skill level 1 in Stealth
    10 | D        | Reached skill level 1 in Shields
    10 | D        | Reached skill level 1 in Unarmed Combat
    10 | D        | Reached skill level 1 in Evocations
    11 | D        | Reached XP level 2. HP: 26/26 MP: 0/8
    19 | D        | Learned a level 2 spell: Song of Slaying
    22 | D        | Learned a level 2 spell: Shroud of Golubria
    93 | D        | Noticed a scorpion
    98 | D        | Reached skill level 5 in Fighting
    98 | D        | Reached skill level 5 in Polearms
    98 | D        | Reached skill level 5 in Dodging
    98 | D        | Reached skill level 1 in Conjurations
    98 | D        | Reached skill level 1 in Hexes
    98 | D        | Reached skill level 1 in Summonings
    98 | D        | Reached skill level 1 in Necromancy
    98 | D        | Reached skill level 1 in Translocations
    98 | D        | Reached skill level 1 in Transmutations
    98 | D        | Reached skill level 1 in Fire Magic
    98 | D        | Reached skill level 1 in Ice Magic
    98 | D        | Reached skill level 1 in Air Magic
    98 | D        | Reached skill level 1 in Earth Magic
    98 | D        | Reached skill level 1 in Poison Magic
    98 | D        | Reached XP level 3. HP: 16/33 MP: 2/9
   117 | D        | Slain by a scorpion

Vault maps used:
D:        linesprint

Skill      XL: |  1  2 |
---------------+-------+-----
Spellcasting   | 5 |  5.4
Invocations    | 1 2 |  2.3
Short Blades   | 1 2 |  2.1
Long Blades    | 1 2 |  2.1
Axes           | 1 2 |  2.1
Maces & Flails | 1 2 |  2.1
Staves         | 1 2 |  2.1
Slings         | 1 2 |  2.1
Bows           | 1 2 |  2.1
Crossbows      | 1 2 |  2.1
Throwing       | 1 2 |  2.1
Stealth        | 1 2 |  2.1
Shields        | 1 2 |  2.1
Unarmed Combat | 1 2 |  2.1
Evocations     | 1 2 |  2.1
Fighting       | 5 |  5.0
Polearms       | 5 |  5.0
Armour         | 3 |  3.3
Dodging        | 5 |  5.0
Conjurations   | 1 |  1.6
Hexes          | 1 |  1.6
Summonings     | 1 |  1.6
Necromancy     | 1 |  1.6
Translocations | 1 |  1.6
Transmutations | 1 |  1.6
Fire Magic     | 1 |  1.6
Ice Magic      | 1 |  1.6
Air Magic      | 1 |  1.6
Earth Magic    | 1 |  1.6
Poison Magic   | 1 |  1.6
Charms         | |  5.7

Action                   || total
-------------------------++-------
Melee: Spear             ||    32
       Bite              ||     5
 Cast: Infusion          ||     2
       Song of Slaying   ||     1
Armor: Leather armour    ||     4
Dodge: Dodged            ||    22

Table legend:
 A = Non-vault XP
 B = Vault XP
 C = Vault XP percentage of total XP
 D = Non-vault monster count
 E = Vault monster count
 F = Vault count percentage of total count
                 A         B        C        D         E       F
            +---------+---------+-------+---------+---------+-------
      Total |       0 |      65 | 100.0 |       0 |       9 | 100.0
            +---------+---------+-------+---------+---------+-------
          D |       0 |      65 | 100.0 |       0 |       9 | 100.0
            +---------+---------+-------+---------+---------+-------
